 Dungeon Crawl Stone Soup version 0.30-a0-250-g41c1d76940 (webtiles) character file.

Game seed: 10616106606622652457

3050 themarg the Fighter (level 9, -10/96 HPs)
             Began as a Minotaur Monk on Oct 12, 2022.
             Was a Believer of Nemelex Xobeh.
             Mangled by a cane toad (13 damage)
             ... on level 8 of the Dungeon.
             The game lasted 00:15:58 (5245 turns).

themarg the Fighter (Minotaur Monk)                 Turns: 5245, Time: 00:15:58

Health: -10/96     AC: 12    Str: 25    XL:     9   Next: 57%
Magic:  2/2        EV: 11    Int:  7    God:    Nemelex Xobeh [**....]
Gold:   463        SH:  0    Dex: 20    Spells: 8/8 levels left

rFire   . . .      SeeInvis .    t - +3 war axe (antimagic)
rCold   . . .      Faith    .    (no shield)
rNeg    . . .      Spirit   .    D - +3 chain mail {rPois}
rPois   +          Reflect  .    (helmet unavailable)
rElec   +          Harm     .    (no cloak)
rCorr   .          Rampage  +    n - +0 pair of gloves "Huamex" {Rampage Will+}
Will    +....                    (no boots)
Stlth   ..........               (no amulet)
HPRegen 1.16/turn                x - +6 ring of strength
MPRegen 0.08/turn                B - +6 ring of dexterity

@: about to teleport
A: horns 3, retaliatory headbutt, regeneration 1, electricity resistance
a: Renounce Religion, Draw Escape, Draw Destruction, Draw Summoning


You were on level 8 of the Dungeon.
You worshipped Nemelex Xobeh.
Nemelex Xobeh was pleased with you.
You visited 2 branches of the dungeon, and saw 11 of its levels.

You collected 463 gold pieces.

Inventory:

Hand Weapons
 a - a +0 hand axe
 f - a +0 flail of holy wrath
 t - a +3 antimagic war axe (weapon)
Missiles
 d - 60 stones (quivered)
 w - 5 throwing nets
 z - 6 boomerangs
 G - 9 poisoned darts
Armour
 j - a scarf of harm
 n - the +0 pair of gloves "Huamex" (worn) {Rampage Will+}
   (You found it on level 2 of the Dungeon)

   Rampage:   It bestows one free step when moving towards enemies.
   Will:      It increases your willpower.
 D - a +3 chain mail of poison resistance (worn)
Jewellery
 e - a ring of flight
 x - a +6 ring of strength (left hand)
 B - a +6 ring of dexterity (right hand)
 K - an amulet of faith
 N - a ring of see invisible
 O - a ring of fire
Wands
 C - a wand of light (9)
 I - a wand of polymorph (5)
Scrolls
 i - 2 scrolls of amnesia
 k - a scroll of magic mapping
 l - a scroll of brand weapon {unknown}
 o - 2 scrolls of fog {unknown}
 p - 2 scrolls of teleportation
 q - 2 scrolls of fear {unknown}
 r - 2 scrolls of enchant weapon
 u - 2 scrolls of poison
 y - a scroll of enchant armour {unknown}
 F - a scroll of torment {unknown}
 H - a scroll of summoning {unknown}
 J - a scroll of immolation {unknown}
 L - a scroll of silence {unknown}
 M - 3 scrolls of identify
Potions
 b - 3 potions of curing
 c - a potion of haste
 g - a potion of brilliance {unknown}
 h - a potion of heal wounds {unknown}
 m - a potion of degeneration {unknown}
 s - 2 potions of cancellation
 v - 3 potions of mutation
 A - 5 potions of flight {unknown}
 E - a potion of lignification {unknown}


   Skills:
 + Level 14.5 Fighting
 - Level 7.0 Axes
 - Level 5.0 Dodging
 - Level 1.6 Stealth


You had 8 spell levels left.
You didn't know any spells.
Your spell library contained the following spells:

 Spells                   Type           Power      Damage    Failure   Level
 Necrotise                Necr           0%         1d4       98%         1
 Ensorcelled Hibernation  Hex/Ice        0%         N/A       99%         2
 Call Canine Familiar     Summ           0%         N/A       100%        3
 Gell's Gravitas          Tloc           0%         N/A       100%        3
 Ozocubu's Armour         Ice            0%         N/A       100%        3
 Portal Projectile        Hex/Tloc       0%         N/A       100%        3
 Spider Form              Tmut/Pois      0%         N/A       100%        3
 Teleport Other           Tloc           0%         N/A       100%        3
 Tukima's Dance           Hex            0%         N/A       100%        3
 Vampiric Draining        Necr           0%         2d6       100%        3
 Anguish                  Hex/Necr       0%         N/A       100%        4
 Leda's Liquefaction      Hex/Erth       0%         N/A       100%        4
 Agony                    Necr           0%         N/A       100%        5
 Blade Hands              Tmut           0%         N/A       100%        5
 Metabolic Englaciation   Hex/Ice        0%         N/A       100%        5
 Dispersal                Tloc           0%         N/A       100%        6
 Simulacrum               Ice/Necr       0%         N/A       100%        6


Dungeon Overview and Level Annotations

Branches:
Dungeon (10/15)            Temple (1/1) D:6            Lair (0/5) D:8
    Orc (0/2) D:10

Altars:
Ashenzari
Cheibriados
Dithmenos
Elyvilon
Fedhas
Gozag
Hepliaklqana
Kikubaaqudgha
Makhleb
Nemelex Xobeh
Okawaru
Qazlal
Ru
Sif Muna
Uskayaw
Wu Jian
Xom
Yredelemnul
Zin
The Shining One

Annotations:
Temple 2 transporters


Innate Abilities, Weirdness & Mutations

You have a pair of large horns on your head.
You reflexively headbutt those who attack you in melee.
Your natural rate of healing is unusually fast.
You are resistant to electric shocks. (rElec)


Message History

You draw a card...
You have drawn the Cloud.
Clouds appear around you!
The meliai calls upon its god to heal the killer bee.
The killer bee's wounds heal themselves!
The killer bee stings you but does no damage.
The centaur hits you but does no damage.
The centaur closely misses you. The cane toad misses you.
You draw a card...
You have drawn the Cloud.
Nothing appears to happen.
The killer bee is no longer moving slowly.
The killer bee misses you. The centaur barely misses you.
You furiously retaliate!
You headbutt the centaur. The centaur closely misses you.
The cane toad stings you but does no damage.
The killer bee barely misses you. You furiously retaliate!
You headbutt the killer bee! The meliai hits you!
* * * LOW HITPOINT WARNING * * *
The meliai stings you but does no damage.
The centaur barely misses you. You furiously retaliate!
You headbutt the centaur!
You kill the centaur!
The water moccasin returns to its original shape as it dies.
Okay, then.
The air fills with toxic fumes!
As you read the scroll labelled HEFUNW JUEDAAW, it crumbles to dust.
It was a scroll of poison.
The killer bee completely misses you. You furiously retaliate!
You headbutt the killer bee. The meliai hits you but does no damage.
The meliai barely misses you. The cane toad stings you!
* * * LOW HITPOINT WARNING * * *
The meliai hits you.
* * * LOW HITPOINT WARNING * * *
The meliai barely misses you. The killer bee stings you.
* * * LOW HITPOINT WARNING * * *
As you read the scroll labelled MAUMES AV KUSE, it crumbles to dust.
You feel strangely unstable.
It was a scroll of teleportation.
The meliai calls upon its god to heal the killer bee.
The killer bee is healed somewhat.
The killer bee stings you but does no damage.
The cane toad stings you!
You die...
Your body glows with a rainbow of weird colours and disappears.

#§ #§ §§ #§§ .§
.§# #§##§##§# #
§§§.§§§#..
§§§§§§#.#
#§#§§#.#
####§§§y#.#
#§§§§§@yh.##
###§§§hF§..##..
#§###Q§......
§§ #§QPP.... #§
#†....... §§
#........ §
#..P.....
.........
P........


You could see a cane toad (misshapen), a raiju (misshapen), a black bear
(poisoned, misshapen), a meliai (misshapen), a tengu (misshapen) and a killer
bee (misshapen).

Vanquished Creatures
  A wraith (D:10)
  A wyvern (D:8)
  A yak (D:8)
  A basilisk (D:8)
  Menkaure (D:5)
  3 water moccasins (D:8)
  An ice beast (D:6)
  2 sky beasts
  An ogre (D:5)
  2 centaurs
  A phantom (D:5)
  Blork the orc (D:4)
  A kobold brigand (D:9)
  A bullfrog (D:7)
  A gnoll sergeant (D:6)
  A necrophage (D:6)
  2 scorpions (D:5)
  3 wights (D:7)
  A jelly (D:5)
  2 howler monkeys
  3 hounds
  2 orc priests (D:4)
  2 gnoll boudas
  3 iguanas
  Ijyb (D:4)
  3 orc wizards
  10 adders
  15 gnolls
  2 shadow imps (D:6)
  2 white imps
  An ufetubus (D:4)
  2 worms
  4 dart slugs
  25 orcs
  5 endoplasms
  9 giant cockroaches
  13 goblins
  5 hobgoblins
  4 jackals (D:3)
  13 kobolds
  3 quokkas
  3 ball pythons
  7 bats
  4 frilled lizards
  A rat (D:1)
170 creatures vanquished.

Vanquished Creatures (others)
  A fungus (D:8)
  7 plants (D:8)
8 creatures vanquished.

Grand Total: 178 creatures vanquished

Notes
Turn   | Place    | Note
-------+----------+-------------------------------------------
     0 | D:1      | themarg the Minotaur Monk began the quest for the Orb.
     0 | D:1      | Reached XP level 1. HP: 19/19 MP: 0/0
    84 | D:1      | Reached skill level 4 in Fighting
    87 | D:1      | Reached XP level 2. HP: 27/27 MP: 1/1
   287 | D:1      | Reached XP level 3. HP: 35/35 MP: 2/2
   289 | D:1      | Reached skill level 5 in Fighting
   722 | D:2      | Identified the +0 pair of gloves "Huamex" {Rampage Will+}
   821 | D:2      | Reached XP level 4. HP: 40/44 MP: 3/3
  1051 | D:2      | Found a faded altar of an unknown god.
  1088 | D:3      | Reached skill level 6 in Fighting
  1859 | D:4      | Reached XP level 5. HP: 29/51 MP: 4/4
  1860 | D:4      | Reached skill level 7 in Fighting
  2052 | D:4      | Reached skill level 8 in Fighting
  2055 | D:4      | Noticed Blork the orc
  2062 | D:4      | Killed Blork the orc
  2063 | D:4      | Reached XP level 6. HP: 56/62 MP: 5/5
  2395 | D:4      | Noticed Ijyb
  2409 | D:4      | Killed Ijyb
  2410 | D:4      | Reached skill level 9 in Fighting
  2841 | D:5      | Entered Level 5 of the Dungeon
  2922 | D:5      | Noticed Menkaure
  2931 | D:5      | Killed Menkaure
  2932 | D:5      | Reached XP level 7. HP: 19/71 MP: 2/6
  2946 | D:5      | Reached skill level 10 in Fighting
  3385 | D:5      | Reached skill level 5 in Axes
  3526 | D:5      | Reached skill level 11 in Fighting
  3572 | D:5      | Reached XP level 8. HP: 79/82 MP: 2/7
  4045 | D:6      | Found a staircase to the Ecumenical Temple.
  4056 | D:6      | Reached skill level 12 in Fighting
  4064 | D:6      | Gained mutation: Your natural rate of healing is unusually
                  | fast. [potion of mutation]
  4064 | D:6      | Gained mutation: You have a pair of large horns on your
                  | head. [potion of mutation]
  4064 | D:6      | Gained mutation: You are resistant to electric shocks.
                  | (rElec) [potion of mutation]
  4153 | D:6      | Found a white marble altar of Elyvilon.
  4204 | Temple   | Entered the Ecumenical Temple
  4204 | Temple   | Found a transporter.
  4204 | Temple   | Found a transporter.
  4206 | Temple   | Found a transporter.
  4206 | Temple   | Found a transporter.
  4224 | Temple   | Became a worshipper of Nemelex Xobeh the Trickster
  4224 | Temple   | Reached * piety under Nemelex Xobeh
  4224 | Temple   | Received a gift from Nemelex Xobeh
  4224 | Temple   | Reached ** piety under Nemelex Xobeh
  4879 | D:7      | You fall into a shaft and drop 3 floors!
  4879 | D:10     | Entered Level 10 of the Dungeon
  4911 | D:10     | Reached skill level 5 in Dodging
  4964 | D:9      | Reached XP level 9. HP: 92/92 MP: 2/8
  5095 | D:7      | Reached skill level 13 in Fighting
  5222 | D:8      | Found a staircase to the Lair.
  5235 | D:8      | Reached skill level 14 in Fighting
  5240 | D:8      | a yak changed into a cane toad
  5240 | D:8      | Noticed a cane toad
  5240 | D:8      | a yak changed into a meliai
  5240 | D:8      | Noticed a meliai
  5244 | D:8      | HP: 4/96 [cane toad (8)]
  5244 | D:8      | HP: 1/96 [killer bee (2)]
  5245 | D:8      | Mangled by a cane toad

Illustrated notes

Levels and vault maps discovered:
D:1:      lemuel_arrival_broad_hall, layout_rooms
D:2:      layout_loops_cross, ebering_ecumenical_altar_mist
D:3:      layout_basic, minmay_goblin_kobold_house
D:4:      layout_gridville, minmay_splitting_lines, uniq_ijyb,
          uniq_blork_the_orc
D:5:      layout_loops_corners, uniq_menkaure
D:6:      layout_basic, kennysheep_mini, minmay_temple_entry_large_hall
D:7:      layout_rooms
D:8:      layout_basic, minmay_lair_entry_grove, serial_shops, shop,
          uniq_gastronok
D:9:      layout_long_grid, mainiacjoe_overflow_alcove_2
D:10:     layout_basic, tgw_trog, david_orc_4,
          nicolae_shop_sticking_my_neck_out, uniq_amaemon
Temple:   hellmonk_temple_divided_pantheon

Skill      XL: |  1  2  3  4  5  6  7  8  9 |
---------------+----------------------------+-----
Fighting       | 4 5 6 8 9 11 12 14 | 14.5
Axes           | 5 6 7 |  7.0
Dodging        | 5 |  5.0
Stealth        | |  1.6

Action                   |  1- 3 |  4- 6 |  7- 9 || total
-------------------------+-------+-------+-------++-------
Melee: Hand axe          |    61 |    85 |       ||   146
       Headbutt          |     4 |    26 |    26 ||    56
       War axe           |       |    41 |   135 ||   176
Invok: Draw Escape       |       |       |     3 ||     3
       Draw Destruction  |       |       |     2 ||     2
  Use: Scroll            |       |     4 |     5 ||     9
       Potion            |       |     1 |     3 ||     4
 Stab: Sleeping          |     1 |     1 |       ||     2
Armor: Robe              |     3 |       |       ||     3
       Ring mail         |    14 |    38 |       ||    52
       Chain mail        |       |    12 |   101 ||   113
Dodge: Dodged            |    43 |    64 |   106 ||   213

Table legend: (Time is in decaauts)
 A = Elapsed time spent in this place.
 B = Non-inter-level travel time spent in this place.
 C = Inter-level travel time spent in this place.
 D = Time resting spent in this place.
 E = Time spent auto-exploring this place.
 F = Levels seen in this place.
 G = Mean time per level.
                   A        B        C        D        E       F      G
               +--------+--------+--------+--------+--------+-----+--------+
         Total |   5291 |   5128 |    163 |    467 |   3555 |  11 |  481.0 |
       Dungeon |   5255 |   5092 |    163 |    467 |   3550 |  10 |  525.5 |
        Temple |     36 |     36 |      0 |      0 |      5 |   1 |   36.0 |
               +--------+--------+--------+--------+--------+-----+--------+

Top non-repeatable levels by time:
     D:5: 1244 daAuts
     D:4: 1095 daAuts
     D:3: 697 daAuts
     D:6: 628 daAuts
     D:1: 554 daAuts
     D:2: 516 daAuts
     D:7: 352 daAuts
    D:10: 86 daAuts
     D:9: 47 daAuts
  Temple: 36 daAuts
     D:8: 32 daAuts
